 Dungeon Crawl Stone Soup version 0.32-a0-377-g951292165a (webtiles) character file.

Game seed: 2065562756708566105

3645 Kenran the Cleaver (level 10, -5/76 HPs)
             Began as a Coglin Gladiator on Feb 19, 2024.
             Slain by Amaemon
             ... wielding a +0 demon whip of venom
              (7 damage)
             ... on level 8 of the Dungeon.
             The game lasted 00:11:15 (6867 turns).

Kenran the Cleaver (Coglin Gladiator)               Turns: 6867, Time: 00:11:16

Health: -5/76      AC: 12    Str: 24    XL:     10   Next: 12%
Magic:  10/10      EV: 11    Int:  7    God:
Gold:   371        SH:  0    Dex: 17    Spells: 9/9 levels left

rFire   . . .        a - +0 war axe {Nebetia}
rCold   . . .        n - +1 hand axe (elec) {Mariya}
rNeg    + . .        y - +0 pearl dragon scales
rPois   .            c - +0 helmet
rElec   .            (no cloak)
rCorr   .            (no gloves)
SInv    .            (no boots)
Will    .....        (no amulet) Stlth
                     h - +4 ring of slaying
HPRegen 0.32/turn    u - +6 ring of strength
MPRegen 0.12/turn

%: no passive effects
@: lethally poisoned (-5 -> -32), attractive, hasted and slowed, revving,
stiff-legged, very slow
A: off-hand wielding, slow wielding, warmup strikes, warmup strides
a: no special abilities


You were on level 8 of the Dungeon.
You visited 2 branches of the dungeon, and saw 9 of its levels.

You collected 501 gold pieces.
You spent 130 gold pieces at shops.

Inventory:

Hand Weapons
 a - a +0 war axe (weapon) {Nebetia}
 n - a +1 hand axe of electrocution (worn) {Mariya}
 r - a +0 war axe {Uttamveer}
Missiles
 d - 2 throwing nets (quivered)
 e - a javelin
Armour
 c - a +0 helmet (worn)
 y - +0 pearl dragon scales (worn)
Jewellery
 h - a +4 ring of slaying (left grasper)
 l - a ring of positive energy
 u - a +6 ring of strength (right grasper)
Wands
 f - a wand of iceblast (32)
 s - a wand of paralysis (7)
Scrolls
 b - 2 scrolls of blinking
 g - 2 scrolls of vulnerability {!r}
 i - 3 scrolls of fog
 j - 4 scrolls of enchant weapon
 m - a scroll of enchant armour
 q - 6 scrolls of teleportation
 w - 2 scrolls of fear
 x - 3 scrolls of identify {@r1}
 A - a scroll of immolation {unknown}
Potions
 k - 2 potions of haste
 o - a potion of degeneration {unknown}
 p - 3 potions of heal wounds {@q2}
 t - 2 potions of attraction {!q}
 v - a potion of mutation {unknown}


   Skills:
 - Level 6.0 Fighting
 + Level 12.5 Axes
 - Level 1.7 Throwing
 - Level 4.0 Armour
 - Level 2.6 Dodging


You had 9 spell levels left.
You didn't know any spells.
Your spell library contained the following spells:

 Spells                   Type           Power      Damage    Failure   Level
 Ensorcelled Hibernation  Hex/Ice        0%         N/A       89%         2
 Jinxbite                 Hex            0%         N/A       89%         2
 Sublimation of Blood     Necr           0%         N/A       89%         2
 Dazzling Flash           Conj/Hex       0%         N/A       98%         3
 Hailstorm                Conj/Ice       0%         3d5       98%         3
 Mephitic Cloud           Conj/Alch/Air  0%         N/A       98%         3
 Passwall                 Erth           0%         N/A       98%         3
 Summon Ice Beast         Ice/Summ       0%         N/A       98%         3
 Swiftness                Air            0%         N/A       98%         3
 Animate Armour           Summ/Erth      0%         N/A       100%        4
 Ignite Poison            Fire/Alch      0%         N/A       100%        4
 Petrify                  Alch/Erth      0%         N/A       100%        4
 Sticky Flame             Fire/Alch      0%         2d4       100%        4
 Summon Lightning Spire   Summ/Air       0%         N/A       100%        4
 Curse of Agony           Necr           0%         N/A       100%        5
 Irradiate                Conj/Alch      0%         3d11      100%        5
 Lee's Rapid Deconstruct  Erth           0%         3d4*      100%        5
 Silence                  Hex/Air        0%         N/A       100%        5
 Yara's Violent Unravell  Hex/Alch       0%         3d3       100%        5
 Sculpt Simulacrum        Ice/Alch       0%         N/A       100%        6
 Enfeeble                 Hex            0%         N/A       100%        7
 Ignition                 Fire           0%         3d3       100%        8


Dungeon Overview and Level Annotations

Branches:
Dungeon (8/15)             Temple (1/1) D:5
   Lair: D:8-11

Altars:
Ashenzari
Dithmenos
Fedhas
Gozag
Hepliaklqana
Kikubaaqudgha
Makhleb
Nemelex Xobeh
Okawaru
Qazlal
Ru
Sif Muna
Uskayaw
Vehumet
Wu Jian
Xom
Yredelemnul
Zin

Shops:
D:2 =   D:6 *

Annotations:
D:8 Amaemon


Innate Abilities, Weirdness & Mutations

You can wield a second weapon in your off-hand.
It takes a long time for you to wield or remove held weapons.
Your first few attacks do less damage.
Your first movements take longer.


Message History

Amaemon hits you with a +0 demon whip of venom!
You are more poisoned.
Amaemon claws you! Amaemon tail-slaps you.
You feel better. The orange demon stings you from afar!
You are poisoned.
You have difficulty breathing.
You feel yourself slow down.
Amaemon hits you with a +0 demon whip of venom!
* * * LOW HITPOINT WARNING * * *
You are more poisoned.
Amaemon claws you.
* * * LOW HITPOINT WARNING * * *
Amaemon closely misses you.
You feel better. The orange demon barely misses you.
Amaemon completely misses you. Amaemon claws you but does no damage.
Amaemon barely misses you.
You slash Amaemon with your +1 hand axe of electrocution!
Amaemon is severely wounded.
You slash Amaemon with your +0 war axe!
You hit Amaemon with your +1 hand axe of electrocution.
Amaemon is almost dead.
You closely miss Amaemon with your +0 war axe.
The orange demon stings you from afar.
* * * LOW HITPOINT WARNING * * *
You are lethally poisoned!
You have difficulty breathing.
* * * LOW HITPOINT WARNING * * *
You feel as though you will be slow longer.
Amaemon hits you with a +0 demon whip of venom.
* * * LOW HITPOINT WARNING * * *
You are more poisoned.
Amaemon barely misses you.
Amaemon tail-slaps you but does no damage.
You feel better. The orange demon stings you from afar.
* * * LOW HITPOINT WARNING * * *
You are lethally poisoned!
You have difficulty breathing.
* * * LOW HITPOINT WARNING * * *
You feel as though you will be slow longer.
Amaemon hits you with a +0 demon whip of venom!
You die...

..#..# #.# .....#
#.###### ####.#
#.#....# .. #.#
#.#.##.# ..##.#
#.#..#.# ..#
#######†##.#.# ..#
.............#
........##.####.#.#
........'..@64....#
........##.####.###
......«.##.#
........##..
........####
.........


You could see Amaemon and an orange demon (curare).

Vanquished Creatures
  A hornet (D:8)
  Duvessa (D:5)
  2 ogres (D:5)
  2 orc warriors
  A sky beast (D:6)
  2 black bears
  An ice beast (D:7)
  A phantom (D:6)
  2 kobold brigands
  3 bullfrogs
  A scorpion (D:5)
  9 wights
  Dowan (D:5)
  12 killer bees
  A howler monkey (D:6)
  4 hounds
  4 orc priests
  A jelly (D:5)
  6 iguanas
  Natasha (D:3)
  Terence (D:3)
  2 sleepcaps
  5 orc wizards
  Robin (D:3)
  A gnoll (D:1)
  11 adders
  2 white imps
  2 ufetubi (D:6)
  2 ribbon worms
  4 dart slugs
  20 orcs
  5 bats
  8 endoplasms
  2 giant cockroaches
  27 goblins
  11 hobgoblins
  6 quokkas
  6 ball pythons
  3 frilled lizards
  15 kobolds
  9 rats
199 creatures vanquished.

Notes
Turn   | Place    | Note
-------+----------+-------------------------------------------
     0 | D:1      | Kenran the Coglin Gladiator began the quest for the Orb.
     0 | D:1      | Reached XP level 1. HP: 16/16 MP: 1/1
    67 | D:1      | Reached XP level 2. HP: 16/22 MP: 2/2
   178 | D:1      | Reached skill level 4 in Axes
   178 | D:1      | Reached XP level 3. HP: 23/27 MP: 3/3
   383 | D:1      | Found a faded altar of an unknown god.
   658 | D:1      | Reached XP level 4. HP: 33/33 MP: 4/4
  1225 | D:2      | Reached skill level 5 in Axes
  1738 | D:2      | Reached XP level 5. HP: 34/38 MP: 5/5
  1914 | D:2      | Found Nifeur's One-of-a-Kind Rings.
  2372 | D:3      | Reached skill level 6 in Axes
  2542 | D:3      | Reached XP level 6. HP: 30/44 MP: 6/6
  2571 | D:3      | Noticed Terence
  2577 | D:3      | Killed Terence
  2645 | D:3      | Noticed Robin
  2659 | D:3      | Reached skill level 7 in Axes
  2664 | D:3      | Killed Robin
  2970 | D:3      | Noticed Natasha
  2976 | D:3      | Killed Natasha
  3184 | D:4      | Reached XP level 7. HP: 47/50 MP: 7/7
  3250 | D:4      | Found a broken altar of Ashenzari.
  3293 | D:4      | Found a hide-covered altar of Uskayaw.
  3293 | D:4      | Found a hazy altar of Hepliaklqana.
  3355 | D:4      | Reached skill level 8 in Axes
  3646 | D:5      | Entered Level 5 of the Dungeon
  3651 | D:5      | Found a staircase to the Ecumenical Temple.
  3698 | Temple   | Entered the Ecumenical Temple
  4016 | D:5      | Found a sparkling altar of Nemelex Xobeh.
  4061 | D:5      | Reached skill level 9 in Axes
  4074 | D:5      | Reached XP level 8. HP: 52/56 MP: 8/8
  4084 | D:5      | Noticed Dowan
  4086 | D:5      | Noticed Duvessa
  4094 | D:5      | Killed Duvessa
  4095 | D:5      | Reached skill level 10 in Axes
  4106 | D:5      | Killed Dowan
  4107 | D:5      | Reached skill level 1 in Armour
  4944 | D:6      | Found Uphyitz's General Store.
  4979 | D:6      | Bought a potion of heal wounds for 65 gold pieces
  4979 | D:6      | Bought a scroll of identify for 26 gold pieces
  4979 | D:6      | Bought a scroll of teleportation for 39 gold pieces
  5179 | D:6      | Reached XP level 9. HP: 64/65 MP: 9/9
  5804 | D:7      | Reached skill level 5 in Fighting
  5880 | D:7      | Reached skill level 11 in Axes
  5942 | D:7      | Found a shadowy altar of Dithmenos.
  6282 | D:8      | Found an ornate altar of the Wu Jian Council.
  6495 | D:8      | Noticed a lindwurm
  6500 | D:8      | Noticed a lindwurm
  6669 | D:8      | Noticed a hornet
  6678 | D:8      | Reached skill level 12 in Axes
  6678 | D:8      | Reached XP level 10. HP: 57/76 MP: 10/10
  6855 | D:8      | Noticed Amaemon
  6855 | D:8      | Noticed an orange demon
  6867 | D:8      | HP: 2/76 [asphyx]
  6867 | D:8      | Slain by Amaemon

Illustrated notes

Levels and vault maps discovered:
D:1:      lemuel_arrival_river_bridge, layout_loops_corners,
          hellmonk_ecumenical_altar_pennies_from_heaven, serial_forest,
          infiniplex_forest_straight_5, infiniplex_forest_end_2,
          infiniplex_forest_clump_long, infiniplex_forest_end_3,
          infiniplex_forest_straight_4, minmay_pentomino_q2
D:2:      layout_basic, nicolae_shop_unique_rings, guppyfry_early_orc_mine
D:3:      layout_loops_corners, uniq_natasha, uniq_robin, uniq_terence
D:4:      layout_cave_pools, cheibrodos_ashenzari_chains,
          gammafunk_temple_overflow_elements
D:5:      layout_loops_ring, nemelex_spade_bored_becter,
          minmay_temple_entry_gardened_gates, corexii_checkpoint,
          kennysheep_decorative_pillar, minmay_ogre_servants, uniq_duvessa
D:6:      layout_loops_ring, serial_shops, nicolae_shop_window_shopping
D:7:      layout_gridville, nicolae_dithmenos_the_darkroom
D:8:      layout_basic, nzn_wu_jian_council_hall, old_standard_altar,
          minmay_lindwurm_lava, uniq_amaemon
Temple:   nicolae_temple_hex_pool

Skill      XL: |  1  2  3  4  5  6  7  8  9 |
---------------+----------------------------+-----
Axes           | 4 5 6 7 9 10 12 | 12.5
Armour         | 2 4 |  4.0
Fighting       | 3 6 |  6.0
Throwing       | |  1.7
Dodging        | |  2.6

Action                     |  1- 3 |  4- 6 |  7- 9 | 10-12 || total
---------------------------+-------+-------+-------+-------++-------
  Melee: War axe           |    59 |   182 |   331 |    24 ||   596
         Hand axe          |       |       |    22 |    23 ||    45
  Throw: Throwing net      |       |     2 |     4 |       ||     6
    Use: Scroll            |       |     7 |     3 |       ||    10
         Potion            |       |     1 |     1 |     5 ||     7
   Stab: Sleeping          |     1 |       |       |       ||     1
         Held in net/web   |       |       |     2 |       ||     2
 Armour: Leather armour    |    37 |    36 |       |       ||    73
         Chain mail        |       |    71 |     2 |       ||    73
         Plate armour      |       |       |   146 |       ||   146
         Pearl dragon scal |       |       |    28 |    28 ||    56
  Dodge: Dodged            |    48 |    55 |    83 |    20 ||   206

Table legend: (Time is in decaauts)
 A = Elapsed time spent in this place.
 B = Non-inter-level travel time spent in this place.
 C = Inter-level travel time spent in this place.
 D = Time resting spent in this place.
 E = Time spent auto-exploring this place.
 F = Levels seen in this place.
 G = Mean time per level.
                   A        B        C        D        E       F      G
               +--------+--------+--------+--------+--------+-----+--------+
         Total |   7202 |   7066 |    136 |   1239 |   4422 |   9 |  800.2 |
       Dungeon |   7200 |   7064 |    136 |   1239 |   4422 |   8 |  900.0 |
        Temple |      1 |      1 |      0 |      0 |      0 |   1 |    1.0 |
               +--------+--------+--------+--------+--------+-----+--------+

Top non-repeatable levels by time:
     D:1: 1208 daAuts
     D:2: 1148 daAuts
     D:5: 1034 daAuts
     D:6: 994 daAuts
     D:3: 974 daAuts
     D:7: 691 daAuts
     D:8: 621 daAuts
     D:4: 527 daAuts
  Temple: 1 daAuts
